 Dungeon Crawl Stone Soup version 0.29.1-2-gbd0b4ee654 (webtiles) character file.

Game seed: 10578467330936938177

39 PhantomBowie the Insei (level 3, 0/28 HPs)
             Began as a Gnoll Transmuter on Nov 30, 2022.
             Slain by Sigmund
             ... wielding a +5 scythe of flaming
              (7 damage)
             ... on level 2 of the Dungeon.
             The game lasted 00:06:21 (1496 turns).

PhantomBowie the Insei (Gnoll Transmuter)           Turns: 1496, Time: 00:06:22

Health: 0/28       AC:  6    Str: 11    XL:     3   Next: 45%
Magic:  9/9        EV:  9    Int: 12    God:
Gold:   59         SH:  0    Dex: 12    Spells: 11/12 levels left

rFire   + . .      SeeInvis .   m - +0 hand axe
rCold   . . .      Faith    .   (no shield)
rNeg    . . .      Spirit   .   e - +0 scale mail
rPois   .          Reflect  .   (no helmet)
rElec   .          Harm     .   (no cloak)
rCorr   .          Rampage  .   (no gloves)
Will    .....                   (no boots)
Stlth   ..........              (no amulet)
HPRegen 0.09/turn               d - ring of protection from fire
MPRegen 0.11/turn               (no ring)

@: confused
A: fangs 1, strong nose, distributed training
a: no special abilities


You were on level 2 of the Dungeon.
You visited 1 branch of the dungeon, and saw 2 of its levels.

You collected 59 gold pieces.

Inventory:

Hand Weapons
 m - a +0 hand axe (weapon)
Armour
 e - a +0 scale mail (worn)
 l - a +0 leather armour
Jewellery
 d - a ring of protection from fire (left hand)
 i - a ring of ice
Scrolls
 c - 2 scrolls of identify {unknown}
 g - a scroll of acquirement {unknown}
 h - a scroll of teleportation {unknown}
 j - a scroll of amnesia {unknown}
Potions
 a - a potion of magic {unknown}
 b - a potion of lignification
 f - a potion of heal wounds {unknown}
 k - a potion of might {unknown}
 n - a potion of degeneration {unknown}


   Skills:
 + Level 2.6 Fighting
 + Level 0.9 Short Blades
 + Level 0.9 Long Blades
 + Level 0.9 Axes
 + Level 0.9 Maces & Flails
 + Level 0.9 Polearms
 + Level 0.9 Staves
 + Level 0.9 Ranged Weapons
 + Level 0.9 Throwing
 + Level 0.9 Armour
 + Level 4.5 Dodging
 + Level 0.9 Stealth
 + Level 0.9 Shields
 + Level 6.5 Unarmed Combat
 + Level 5.0 Spellcasting
 + Level 0.6 Conjurations
 + Level 0.6 Hexes
 + Level 0.6 Summonings
 + Level 0.6 Necromancy
 + Level 0.6 Translocations
 + Level 3.8 Transmutations
 + Level 0.6 Fire Magic
 + Level 0.6 Ice Magic
 + Level 0.6 Air Magic
 + Level 0.6 Earth Magic
 + Level 0.6 Poison Magic
 + Level 1.0 Invocations
 + Level 0.9 Evocations


You had 11 spell levels left.
You knew the following spells:

 Your Spells              Type           Power      Damage    Failure   Level
a - Beastly Appendage     Tmut           24%        N/A       26%         1

Your spell library contained the following spells:

 Spells                   Type           Power      Damage    Failure   Level
 Wereblood                Tmut           12%        N/A       36%         2
 Spider Form              Tmut/Pois      8%         N/A       83%         3
 Ice Form                 Ice/Tmut       8%         N/A       99%         4
 Iskenderun's Battlesphe  Conj           4%         2d6       100%        5
 Iron Shot                Conj/Erth      2%         9d2       100%        6
 Spellforged Servitor     Conj/Summ      2%         N/A       100%        7


Dungeon Overview and Level Annotations

Branches:
Dungeon (2/15)

Altars:

Annotations:
D:2 Sigmund


Innate Abilities, Weirdness & Mutations

You have very sharp teeth.
Your uncanny sense of smell can sniff out nearby items.
Your experience applies equally to all skills.


Message History

You start removing your armour.
You continue taking off your +0 leather armour. x4
You finish taking off your +0 leather armour.
You start putting on your armour.
You continue putting on your +0 scale mail. x5
You finish putting on your +0 scale mail.
There is an escape hatch in the ceiling here.
n - a smoky silvery potion Sigmund the Dreaded comes into view.
He is wielding a +5 scythe of flaming.
Sigmund shouts!
Sigmund flickers, as though insubstantial.
Sigmund gestures at you while chanting.
You are confused.
You miss Sigmund. Sigmund barely misses you.
You closely miss Sigmund. Sigmund gestures at you while chanting.
You resist with significant effort. Sigmund barely misses you.
You closely miss Sigmund. Your bite misses Sigmund.
You bump into the rock wall.
Sigmund casts a spell.
Sigmund flickers and vanishes!
Deactivating autopickup; reactivate with Ctrl-A.
You hit something but do no damage.
You feel less confused.
You hear some strange, mumbled words.
Something tries to affect you, but you resist.
Something hits you! Something burns you.
You hit something. You hit something but do no damage. Something hits you.
Something burns you.
You barely miss something.
You hear some strange, mumbled words.
You are confused.
You hear some strange, mumbled words.
You are more confused.
Something hits you!
* * * LOW HITPOINT WARNING * * *
Something burns you.
* * * LOW HITPOINT WARNING * * *
You closely miss something. Something hits you!
You die...

##...# #.#
.....# #.#
.....##### #.#
##......... #.#
########## #.#
#.# ##.##
##...#####
#@........#
#....{....####.#
######.#.##
#.### #.# #.#
..# ###


There were no monsters in sight!

Vanquished Creatures
  A worm (D:2)
  2 endoplasms (D:1)
  3 giant cockroaches
  2 hobgoblins (D:1)
  3 jackals (D:1)
  4 quokkas (D:1)
  6 ball pythons (D:1)
  3 bats
  A frilled lizard (D:2)
  3 goblins
  3 kobolds
  2 rats (D:1)
33 creatures vanquished.

Notes
Turn   | Place    | Note
-------+----------+-------------------------------------------
     0 | D:1      | PhantomBowie the Gnoll Transmuter began the quest for the
                  | Orb.
     0 | D:1      | Reached XP level 1. HP: 17/17 MP: 6/6
   229 | D:1      | Reached XP level 2. HP: 23/23 MP: 7/7
   731 | D:1      | Reached skill level 5 in Spellcasting
   731 | D:1      | Reached XP level 3. HP: 6/28 MP: 7/9
  1195 | D:2      | Reached skill level 1 in Invocations
  1482 | D:2      | Noticed Sigmund
  1496 | D:2      | Slain by Sigmund

Illustrated notes

Levels and vault maps discovered:
D:1:      erik_arrival_orb_chamber, layout_basic
D:2:      layout_loops_ring, uniq_sigmund

Skill      XL: |  1  2  3 |
---------------+----------+-----
Spellcasting   | 5 |  5.0
Invocations    | 1 |  1.0
Fighting       | |  2.6
Short Blades   | |  0.9
Long Blades    | |  0.9
Axes           | |  0.9
Maces & Flails | |  0.9
Polearms       | |  0.9
Staves         | |  0.9
Ranged Weapons | |  0.9
Throwing       | |  0.9
Armour         | |  0.9
Dodging        | |  4.5
Stealth        | |  0.9
Shields        | |  0.9
Unarmed Combat | |  6.5
Conjurations   | |  0.6
Hexes          | |  0.6
Summonings     | |  0.6
Necromancy     | |  0.6
Translocations | |  0.6
Transmutations | |  3.8
Fire Magic     | |  0.6
Ice Magic      | |  0.6
Air Magic      | |  0.6
Earth Magic    | |  0.6
Poison Magic   | |  0.6
Evocations     | |  0.9

Action                   || total
-------------------------++-------
Melee: Spear             ||   110
       Unarmed           ||     6
       Punch             ||     3
       Bite              ||     7
       Kick              ||     7
       Hand axe          ||     8
 Cast: Beastly Appendage ||     3
 Stab: Sleeping          ||     3
Armor: Robe              ||     7
       Leather armour    ||     2
Dodge: Dodged            ||    80
